 Dungeon Crawl Stone Soup version 0.28-a0-1429-gf3d713df7a (webtiles) character file.

Game seed: 1268826797164572030

990 bande the Chopper (level 8, -8/49 HPs)
             Began as a Gargoyle Fighter on Jan 8, 2022.
             Was an Initiate of Okawaru.
             Mangled by a two-headed ogre (11 damage)
             ... on level 6 of the Dungeon.
             The game lasted 00:08:49 (9393 turns).

bande the Chopper (Gargoyle Fighter)                Turns: 9393, Time: 00:08:50

Health: -8/49      AC: 21    Str: 20    XL:     8   Next: 18%
Magic:  9/9        EV:  7    Int:  9    God:    Okawaru [......]
Gold:   224        SH:  4    Dex: 11    Spells: 7/7 levels left

rFire   . . .      SeeInvis .   a - +0 war axe
rCold   . . .      Faith    +   c - +0 buckler
rNeg    + . .      Spirit   .   l - +0 chain mail
rPois   ∞          Reflect  .   (no helmet)
rElec   +          Harm     .   (no cloak)
rCorr   .          Rampage  .   (no gloves)
Will    +....                   q - +0 pair of boots
Stlth   ..........              g - amulet of faith
HPRegen 0.16/turn               f - ring of willpower
MPRegen 0.11/turn               e - +4 ring of protection

@: no status effects
A: sickness immunity, AC +5, negative energy resistance 1, electricity
resistance, torment resistance 1, petrification resistance
a: Renounce Religion


You were on level 6 of the Dungeon.
You worshipped Okawaru.
Okawaru was noncommittal.
You visited 2 branches of the dungeon, and saw 7 of its levels.

You collected 224 gold pieces.

Inventory:

Hand Weapons
 a - a +0 war axe (weapon)
 o - a +0 war axe
 s - a +0 flail
Missiles
 n - a throwing net (quivered)
Armour
 c - a +0 buckler (worn)
 l - a +0 chain mail (worn)
 q - a +0 pair of boots (worn)
Jewellery
 e - a +4 ring of protection (right hand)
 f - a ring of willpower (left hand)
 g - an amulet of faith (around neck)
 j - a +6 ring of strength
 p - a ring of magical power
Wands
 b - a wand of mindburst (12)
Scrolls
 h - 4 scrolls of teleportation
 m - a scroll of identify
Potions
 d - 2 potions of might
 i - a potion of magic
 k - a potion of curing {unknown}
 t - a potion of invisibility


   Skills:
 + Level 5.1 Fighting
 + Level 6.0 Axes
 + Level 6.0 Armour
 - Level 0.2 Stealth
 + Level 4.1 Shields
 * Level 1.9 Invocations
 * Level 0.6 Evocations


You had 7 spell levels left.
You didn't know any spells.
Your spell library contained the following spells:

 Spells                   Type           Power      Damage    Failure   Level
 Sandblast                Erth           0%         2d4       99%         1
 Passwall                 Tmut/Erth      0%         N/A       100%        2
 Stone Arrow              Conj/Erth      0%         3d7       100%        3


Dungeon Overview and Level Annotations

Branches:
Dungeon (6/15)             Temple (1/1) D:4

Altars:
Ashenzari
Cheibriados
Dithmenos
Elyvilon
Gozag
Makhleb
Nemelex Xobeh
Okawaru
Ru
Sif Muna
Uskayaw
Vehumet
Wu Jian
Xom
Yredelemnul
Zin
The Shining One

Shops:
D:2 [*[


Innate Abilities, Weirdness & Mutations

You are immune to sickness and miasma.
Your stone body is resilient. (AC +5)
You are immune to poison.
You resist negative energy. (rN+)
You are resistant to electric shocks. (rElec)
You are resistant to unholy torment.
You are immune to petrification.


Message History

You add the spells Sandblast, Passwall and Stone Arrow to your library.
You now have 212 gold pieces (gained 15).
Done exploring.
Done exploring.
Done exploring.
There is a stone staircase leading down here.
You climb downwards.
There is a stone staircase leading up here.
There is a stone staircase leading up here.
There is a stone staircase leading up here.
You now have 224 gold pieces (gained 12).
Found a stone staircase leading up.
A two-headed ogre comes into view. It is wielding two +0 giant clubs.
A two-headed ogre is nearby!
The two-headed ogre shouts in stereo!
You completely miss the two-headed ogre.
The two-headed ogre hits you with a +0 giant club.
The two-headed ogre hits you but does no damage.
You hit the two-headed ogre but do no damage.
You block the two-headed ogre's attack.
The two-headed ogre hits you with a +0 giant club!!
You hit the two-headed ogre.
The two-headed ogre is lightly wounded.
The two-headed ogre hits you with a +0 giant club.
The two-headed ogre hits you with a +0 giant club!
You slash the two-headed ogre!
The two-headed ogre is moderately wounded.
The two-headed ogre barely misses you.
The two-headed ogre hits you but does no damage.
You barely miss the two-headed ogre.
The two-headed ogre is moderately wounded.
The two-headed ogre hits you with a +0 giant club!
* * * LOW HITPOINT WARNING * * *
You block the two-headed ogre's attack.
You barely miss the two-headed ogre.
The two-headed ogre is moderately wounded.
The two-headed ogre hits you with a +0 giant club.
* * * LOW HITPOINT WARNING * * *
The two-headed ogre hits you with a +0 giant club!
You die...

#.##.#.#...#
#.##.#.#...#
#...O#.#...#
######.......#
#............#
#.#######O...#
#.....#
######.....#
#.@O.....###
.#.#####..######
................
..<#.#####..######
#####. #..# #.
#..# #.
#..########## #.
#............
#.###########


You could see a two-headed ogre.

Vanquished Creatures
  A steam dragon (D:4)
  2 ogres
  A centaur (D:5)
  A scorpion (D:3)
  A wyvern zombie (D:4)
  A water moccasin skeleton (D:5)
  A centaur zombie (D:5)
  2 hounds
  A jelly (D:5)
  An orc priest (D:4)
  Terence (D:2)
  Jessica (D:2)
  2 iguanas (D:5)
  7 gnolls
  4 adders
  An ufetubus (D:5)
  2 worms (D:2)
  4 dart slugs
  10 orcs
  8 ball pythons
  7 endoplasms
  3 giant cockroaches
  5 hobgoblins
  5 kobolds
  3 quokkas
  4 bats
  4 frilled lizards
  2 rats (D:2)
85 creatures vanquished.

Notes
Turn   | Place    | Note
-------+----------+-------------------------------------------
     0 | D:1      | bande the Gargoyle Fighter began the quest for the Orb.
     0 | D:1      | Reached XP level 1. HP: 14/14 MP: 1/1
   223 | D:1      | Reached XP level 2. HP: 19/19 MP: 2/2
  1056 | D:2      | Found Nisutite's Armour Boutique.
  1075 | D:2      | Found a faded altar of an unknown god.
  1138 | D:2      | Reached XP level 3. HP: 19/24 MP: 3/3
  1574 | D:2      | Found Soddig's Armour Boutique.
  1600 | D:2      | Noticed Jessica
  1621 | D:2      | Killed Jessica
  1622 | D:2      | Reached XP level 4. HP: 9/29 MP: 4/4
  2016 | D:2      | Noticed Terence
  2030 | D:2      | Killed Terence
  3083 | D:2      | Reached XP level 5. HP: 33/33 MP: 5/5
  3095 | D:2      | Found Vyakozef's Assorted Antiques.
  3576 | D:3      | Reached XP level 6. HP: 16/38 MP: 6/6
  4048 | D:3      | Found a snail-covered altar of Cheibriados.
  4078 | D:3      | Found a glowing silver altar of Zin.
  4358 | D:3      | Found a sacrificial altar of Ru.
  4361 | D:3      | Found a basalt altar of Yredelemnul.
  4519 | D:3      | Found a burning altar of Makhleb.
  5583 | D:4      | Noticed a steam dragon
  5593 | D:4      | Killed a steam dragon
  5594 | D:4      | Reached skill level 5 in Armour
  5594 | D:4      | Reached XP level 7. HP: 7/44 MP: 7/7
  5958 | D:4      | Reached skill level 5 in Axes
  7111 | D:4      | Found a staircase to the Ecumenical Temple.
  7308 | Temple   | Entered the Ecumenical Temple
  7392 | Temple   | Became a worshipper of Warmaster Okawaru
  7444 | D:5      | Entered Level 5 of the Dungeon
  8227 | D:5      | Reached skill level 1 in Invocations
  8538 | D:5      | Reached skill level 5 in Fighting
  8663 | D:5      | Reached XP level 8. HP: 49/49 MP: 7/9
  8899 | D:5      | Reached * piety under Okawaru
  9365 | D:6      | Noticed a two-headed ogre
  9393 | D:6      | Mangled by a two-headed ogre

Illustrated notes

Levels and vault maps discovered:
D:1:      roderic_octagonal_star, layout_loops_ring, serial_forest,
          infiniplex_forest_lined_2, infiniplex_forest_diagonal,
          infiniplex_forest_clump_tiny, infiniplex_forest_straight_3,
          infiniplex_forest_straight_4, infiniplex_forest_3_way,
          infiniplex_forest_end_2
D:2:      layout_loops_ring, serial_shops, shop_fountains,
          nicolae_shop_hallway_stairs, shop,
          ebering_ecumenical_altar_sacrificial, kennysheep_generic_room_12,
          uniq_terence, uniq_jessica
D:3:      layout_basic, mainiacjoe_overflow_large_starburst,
          lightli_temple_of_fire, nicolae_overflow_squiral
D:4:      layout_layer_cave, temple_hall
D:5:      layout_basic, minmay_misc_feat_rows
D:6:      layout_basic, kennysheep_opposing_triangles
Temple:   regret_index_temple_sphere_string

Skill      XL: |  1  2  3  4  5  6  7  8 |
---------------+-------------------------+-----
Axes           | 2 3 4 5 6 |  6.0
Armour         | 4 5 6 |  6.0
Fighting       | 4 5 |  5.1
Shields        | 4 |  4.1
Invocations    | 1 |  1.9
Stealth        | |  0.2
Evocations     | |  0.6

Action                   |  1- 3 |  4- 6 |  7- 9 || total
-------------------------+-------+-------+-------++-------
Melee: War axe           |    67 |   142 |   110 ||   319
  Use: Scroll            |       |     8 |     3 ||    11
Armor: Scale mail        |    26 |    86 |    12 ||   124
       Chain mail        |       |       |    60 ||    60
Dodge: Dodged            |    48 |    74 |    63 ||   185
Block: Buckler           |     8 |    31 |    25 ||    64

Table legend: (Time is in decaauts)
 A = Elapsed time spent in this place.
 B = Non-inter-level travel time spent in this place.
 C = Inter-level travel time spent in this place.
 D = Time resting spent in this place.
 E = Time spent auto-exploring this place.
 F = Levels seen in this place.
 G = Mean time per level.
                   A        B        C        D        E       F      G
               +--------+--------+--------+--------+--------+-----+--------+
         Total |   9499 |   9333 |    166 |   4241 |   4114 |   7 | 1357.0 |
       Dungeon |   9405 |   9248 |    157 |   4241 |   4048 |   6 | 1567.5 |
        Temple |     94 |     85 |      9 |      0 |     66 |   1 |   94.0 |
               +--------+--------+--------+--------+--------+-----+--------+

Top non-repeatable levels by time:
     D:4: 2467 daAuts
     D:2: 2392 daAuts
     D:5: 1857 daAuts
     D:3: 1581 daAuts
     D:1: 993 daAuts
     D:6: 112 daAuts
  Temple: 94 daAuts
